 Dungeon Crawl Stone Soup version 0.28-a0-1087-gf3fc490d9d (webtiles) character file.

Game seed: 12999324706237580573

145 leviel the Chopper (level 5, 0/46 HPs)
             Began as a Hill Orc Fighter on Dec 11, 2021.
             Slain by Grinder (3 damage)
             ... on level 3 of the Dungeon.
             The game lasted 00:03:04 (2552 turns).

leviel the Chopper (Hill Orc Fighter)               Turns: 2552, Time: 00:03:05

Health: 0/46       AC:  6    Str: 21    XL:     5   Next: 27%
Magic:  5/5        EV:  9    Int:  8    God:
Gold:   106        SH:  4    Dex: 10    Spells: 4/4 levels left

rFire   . . .      SeeInvis .   a - +0 war axe
rCold   . . .      Faith    .   c - +0 buckler
rNeg    . . .      Spirit   .   b - +0 scale mail
rPois   .          Reflect  .   (no helmet)
rElec   .          Harm     .   (no cloak)
rCorr   .          Rampage  .   (no gloves)
Will    .....                   (no boots)
Stlth   ..........              (no amulet)
HPRegen 0.15/turn               l - ring of flight
MPRegen 0.09/turn               (no ring)

@: mighty, flying
A: no striking features
a: no special abilities


You were on level 3 of the Dungeon.
You visited 1 branch of the dungeon, and saw 3 of its levels.

You collected 106 gold pieces.

Inventory:

Hand Weapons
 a - a +0 war axe (weapon)
Missiles
 i - 15 poisoned darts (quivered)
Armour
 b - a +0 scale mail (worn)
 c - a +0 buckler (worn)
Jewellery
 l - a ring of flight (left hand)
Wands
 q - a wand of acid (8)
Scrolls
 e - 2 scrolls of fear {unknown}
 f - 2 scrolls of identify {unknown}
 g - a scroll of magic mapping {unknown}
 h - a scroll of noise {unknown}
 j - a scroll of teleportation {unknown}
 m - a scroll of enchant weapon {unknown}
 n - a scroll of vulnerability {unknown}
Potions
 k - 2 potions of attraction {unknown}
 o - 2 potions of curing {unknown}
 p - a potion of ambrosia {unknown}
 r - a potion of heal wounds {unknown}


   Skills:
 - Level 3.7 Fighting
 + Level 6.4 Axes
 - Level 3.3 Armour
 - Level 4.0 Shields


You had 4 spell levels left.
You didn't know any spells.
Your spell library was empty.

Dungeon Overview and Level Annotations

Branches:
Dungeon (3/15)

Altars:

Annotations:
D:3 Grinder


Message History

You hit Grinder.
Grinder is heavily wounded.
Grinder closely misses you. The kobold misses you.
You closely miss Grinder.
Grinder is heavily wounded.
You closely miss the kobold. Grinder gestures at you.
Pain shoots through your body! The kobold hits you but does no damage.
Grinder says, "You look like you could use a good racking."
Grinder blinks!
The kobold hits you but does no damage.
You barely miss Grinder.
Grinder is heavily wounded.
You closely miss the kobold. The kobold barely misses you.
Grinder gestures at you. Pain shoots through your body!
You barely miss Grinder.
Grinder is heavily wounded.
You slash the kobold!
You kill the kobold!
Grinder hits you but does no damage.
You slash Grinder!
Grinder is almost dead.
Grinder gestures at you.
You suddenly lose the ability to move!
Grinder hits you.
You writhe in agony.
Grinder gestures at you. You resist with significant effort.
Grinder blinks!
You can move again.
Grinder hits you.
* * * LOW HITPOINT WARNING * * *
You writhe in agony.
* * * LOW HITPOINT WARNING * * *
You closely miss Grinder.
Grinder is almost dead.
Grinder hits you.
* * * LOW HITPOINT WARNING * * *
You writhe in agony.
You die...

.......#
#..#.#####.#
#..........#
#..#.#######
#.).<#
#.#####.##.#
#......)...#
#####...####
#..@# #.5)#
#...# #...#
.............5.
...............
..............c
###.#####..##.#
#. ... .


You could see Grinder.

Vanquished Creatures
  A centaur (D:3)
  An adder (D:2)
  A dart slug (D:2)
  A ball python (D:2)
  3 bats
  10 endoplasms
  3 giant cockroaches (D:2)
  2 goblins
  4 hobgoblins
  7 jackals
  8 kobolds
  3 quokkas
  A frilled lizard (D:2)
  2 rats
47 creatures vanquished.

Notes
Turn   | Place    | Note
-------+----------+-------------------------------------------
     0 | D:1      | leviel the Hill Orc Fighter began the quest for the Orb.
     0 | D:1      | Reached XP level 1. HP: 19/19 MP: 1/1
   187 | D:1      | Reached skill level 3 in Axes
   328 | D:1      | Reached XP level 2. HP: 25/27 MP: 2/2
  1088 | D:1      | Reached skill level 4 in Axes
  1089 | D:1      | Reached XP level 3. HP: 33/33 MP: 3/3
  1585 | D:2      | Found a faded altar of an unknown god.
  2342 | D:3      | Noticed a centaur
  2342 | D:3      | Noticed Grinder
  2357 | D:2      | Reached XP level 4. HP: 22/40 MP: 4/4
  2531 | D:3      | Killed a centaur
  2532 | D:3      | Reached skill level 6 in Axes
  2532 | D:3      | Reached XP level 5. HP: 29/46 MP: 5/5
  2544 | D:3      | Paralysed by Grinder for 7 turns
  2552 | D:3      | Slain by Grinder

Illustrated notes

Levels and vault maps discovered:
D:1:      lightli_arrival_farm, layout_loops_corners
D:2:      layout_basic, ebering_ecumenical_altar_sacrificial, minivault_5,
          minmay_quantized
D:3:      layout_loops_cross, overflow_temple_1_default,
          minmay_misc_feat_plants, minmay_misc_feat_enclosed, uniq_grinder,
          uniq_sigmund, uniq_crazy_yiuf_cottage, uniq_ijyb

Skill      XL: |  1  2  3  4 |
---------------+-------------+-----
Axes           | 3 4 6 |  6.4
Shields        | 4 |  4.0
Fighting       | |  3.7
Armour         | |  3.3

Action                   |  1- 3 |  4- 6 || total
-------------------------+-------+-------++-------
Melee: War axe           |   126 |    11 ||   137
  Use: Potion            |       |     1 ||     1
Armor: Scale mail        |    64 |     6 ||    70
Dodge: Dodged            |    52 |     7 ||    59
Block: Buckler           |    25 |     2 ||    27

Table legend: (Time is in decaauts)
 A = Elapsed time spent in this place.
 B = Non-inter-level travel time spent in this place.
 C = Inter-level travel time spent in this place.
 D = Time resting spent in this place.
 E = Time spent auto-exploring this place.
 F = Levels seen in this place.
 G = Mean time per level.
                   A        B        C        D        E       F      G
               +--------+--------+--------+--------+--------+-----+--------+
         Total |   2610 |   2564 |     46 |    167 |   2048 |   3 |  870.0 |
       Dungeon |   2610 |   2564 |     46 |    167 |   2048 |   3 |  870.0 |
               +--------+--------+--------+--------+--------+-----+--------+

Top non-repeatable levels by time:
     D:1: 1286 daAuts
     D:2: 1266 daAuts
     D:3: 58 daAuts
